 Dungeon Crawl Stone Soup version 0.19.1 (webtiles) character file.

51 Beholder179 the Chopper (level 3, 32/34 HPs)
             Began as a Minotaur Berserker on Nov 28, 2016.
             Was a Believer of Trog.
             Quit the game on level 2 of the Dungeon.
             The game lasted 00:01:46 (793 turns).

Beholder179 the Chopper (Minotaur Berserker)         Turns: 793, Time: 00:01:46

Health: 32/34      AC:  5    Str: 22    XL:     3   Next: 58%
Magic:  2/2        EV: 11    Int:  4    God:    Trog [**....]
Gold:   100        SH:  0    Dex:  9    Spells: 0 memorised, 2 levels left

rFire  . . .     SeeInvis .     a - +0 hand axe
rCold  . . .     Gourm    .     e - +0 ring mail
rNeg   . . .     Faith    .     (no shield)
rPois  .         Spirit   .     (helmet restricted)
rElec  .         Reflect  .     (no cloak)
rCorr  .         Harm     .     (no gloves)
MR     .....                    (no boots)
Stlth  ..........               b - amulet of magic regeneration
                                (no ring)
                                (no ring)

@: exhausted, slowed, very slow
A: retaliatory headbutt, horns 2
a: Berserk, Trog's Hand, Burn Spellbooks, Renounce Religion


You were on level 2 of the Dungeon.
You worshipped Trog.
Trog was pleased with you.
You were not hungry.

You visited 1 branch of the dungeon, and saw 2 of its levels.

You collected 100 gold pieces.

Inventory:

Hand Weapons
 a - a +0 hand axe (weapon)
Armour
 e - a +0 ring mail (worn)
Jewellery
 b - an amulet of magic regeneration (around neck)
Scrolls
 h - a scroll of random uselessness {unknown}
 o - a scroll of enchant armour {unknown}
Potions
 d - a potion of mutation {unknown}
 g - a potion of cancellation {unknown}
 i - a potion of flight {unknown}
 j - a potion of curing {unknown}
 k - a potion of heal wounds {unknown}
 l - a potion of magic {unknown}
 n - a potion of berserk rage {unknown}
Comestibles
 c - a bread ration
 f - 2 meat rations
 m - 5 chunks of flesh


   Skills:
 + Level 4.3 Fighting
 * Level 5.0 Axes
 - Level 2.4 Armour
 - Level 2.1 Dodging


You had 2 spell levels left.
You didn't know any spells.

Dungeon Overview and Level Annotations

Branches:
Dungeon (2/15)

Altars:


Innate Abilities, Weirdness & Mutations

You reflexively headbutt those who attack you in melee.
You have a pair of horns on your head.


Message History

No target in view!
No target in view!
No target in view!
No target in view!
No target in view!
Eating one of 5 chunks of flesh.
You start eating one of the 5 chunks of flesh.
This raw flesh tastes terrible.
o - a scroll labeled ROXTID NUOWE You butcher the hobgoblin corpse.
m - 5 chunks of flesh (gained 1)
Items here: )) [[ a club; a whip; an animal skin; a helmet
Items here: )) [[ a club; a whip; an animal skin; a helmet
Things that are here:
a club; a dagger; a club
Items here: )) ††† a club x2; a hobgoblin corpse; a goblin corpse; a hobgoblin corpse Are you sure you want to abandon this character and quit the game? (Confirm with "yes".)

..................#...#
....########......#...#
....# #......#..# ....###
#........# ......#
#......)### ....#)##
#####.)...###.
#####..##########..#.....
#)..........))....###
#...########@###....#
#.#..# #.# ..#.. #.##<.#
#.# .# # #####..##..# #.#
.. ...###..##... ..# .#
..(# ##..#### ... ...#
##.# .## ...# #.# .# ...#
#.#


There were no monsters in sight!

Vanquished Creatures
  Robin (D:2)
  A dart slug (D:1)
  A giant cockroach (D:1)
  12 goblins
  7 hobgoblins
  3 bats
  6 frilled lizards (D:1)
  2 kobolds
  6 rats
39 creatures vanquished.

Notes
Turn   | Place    | Note
-------+----------+-------------------------------------------
     0 | D:1      | Beholder179 the Minotaur Berserker began the quest for the Orb.
     0 | D:1      | Reached XP level 1. HP: 19/19 MP: 0/0
    90 | D:1      | Reached skill level 4 in Axes
   193 | D:1      | Reached XP level 2. HP: 27/27 MP: 1/1
   722 | D:2      | Reached ** piety under Trog
   764 | D:2      | Noticed Robin
   767 | D:2      | Reached XP level 3. HP: 31/33 MP: 2/2
   774 | D:2      | Killed Robin
   783 | D:2      | Reached skill level 5 in Axes
   793 | D:2      | Quit the game

Skill      XL: |  1  2  3 |
---------------+----------+-----
Axes           | 4 5 |  5.0
Fighting       | 4 |  4.3
Armour         | |  2.4
Dodging        | |  2.1

Action                   || total
-------------------------++-------
Melee: Hand axe          ||    70
       Headbutt          ||     7
Invok: Berserk           ||     1
  Eat: Chunk             ||     1
Armor: Ring mail         ||    18
       Animal skin       ||     1
Dodge: Dodged            ||    43
